 Dungeon Crawl Stone Soup version 0.29.0-15-g675c0067aa (webtiles) character file.

Game seed: 11201864075896132692

772 qw the Chopper (level 7, 0/38 HPs)
             Began as a Gargoyle Fighter on Sept 11, 2022.
             Slain by Pikel
             ... wielding a +2 whip of flaming
              (2 damage)
             ... on level 5 of the Dungeon.
             The game lasted 00:01:36 (4751 turns).

qw the Chopper (Gargoyle Fighter)                   Turns: 4751, Time: 00:01:37

Health: 0/38       AC: 18    Str: 22    XL:     7   Next: 83%
Magic:  7/7        EV:  6    Int:  8    God:
Gold:   202        SH:  4    Dex:  9    Spells: 6/6 levels left

rFire   . . .      SeeInvis .   Y - +0 war axe
rCold   . . .      Faith    .   c - +0 buckler
rNeg    + . .      Spirit   .   f - +0 plate armour
rPois   inf        Reflect  .   (no helmet)
rElec   +          Harm     .   m - +1 cloak
rCorr   .          Rampage  .   (no gloves)
Will    .....                   (no boots)
Stlth   ..........              (no amulet)
HPRegen 0.12/turn               (no ring)
MPRegen 0.10/turn               (no ring)

@: unable to read
A: sickness immunity, AC +4, negative energy resistance 1, electricity
resistance, torment resistance 1, petrification resistance, hooves 1, frail 1,
inability to read after injury 1
a: no special abilities


You were on level 5 of the Dungeon.
You visited 1 branch of the dungeon, and saw 5 of its levels.

You collected 202 gold pieces.


Innate Abilities, Weirdness & Mutations

You are immune to sickness and miasma.
Your stone body is resilient. (AC +4)
You are immune to poison.
You resist negative energy. (rN+)
You are resistant to electric shocks. (rElec)
You are resistant to unholy torment.
You are immune to petrification.
You have large cloven feet.
You are frail. (-10% HP)
You occasionally lose the ability to read scrolls when taking damage.


   Skills:
 + Level 4.2 Fighting
 - Level 7.0 Axes
 - Level 1.1 Throwing
 - Level 4.3 Armour
 - Level 3.2 Shields


You had 6 spell levels left.
You didn't know any spells.
Your spell library was empty.

Inventory:

Hand Weapons
 r - a +0 morningstar
 Y - a +0 war axe (weapon)
Armour
 c - a +0 buckler (worn)
 f - a +0 plate armour (worn)
 m - a +1 cloak (worn)
Scrolls
 i - a scroll of identify
Potions
 a - a potion of curing {unknown}
 b - a potion of brilliance {unknown}
 d - 3 potions of might
 e - a potion of lignification {unknown}
 k - a potion of resistance
 l - a potion of attraction
 q - a potion of haste {unknown}

Dungeon Overview and Level Annotations

Branches:
Dungeon (5/15)
 Temple: D:4-7

Altars:
Elyvilon

Shops:
D:2 :

Annotations:
D:5 Pikel


Message History

The lemure completely misses you. The lemure barely misses you.
You block the lemure's attack.
Pikel hits you with a +2 whip of flaming.
Pikel burns you.
You closely miss the lemure. You kick the lemure.
The lemure is almost dead.
You closely miss the lemure. You hit Pikel. You hit the lemure.
A scorpion comes into view.
Pikel barely misses you. The lemure barely misses you. The lemure hits you.
You feel threatened and lose the ability to read scrolls!
The lemure barely misses you.
You closely miss the lemure.
The lemure is almost dead.
You closely miss Pikel. You slash the lemure! You hit the lemure.
You can read scrolls again.
Pikel completely misses you.
The lemure hits you but does no damage. x2
You block the lemure's attack.
You closely miss the lemure.
The lemure is almost dead.
You hit Pikel but do no damage. You barely miss the lemure.
You completely miss the lemure. The lemure hits you but does no damage.
Pikel hits you with a +2 whip of flaming.
You feel threatened and lose the ability to read scrolls!
Pikel burns you. The lemure hits you but does no damage. The lemure hits you.
You barely miss the lemure.
The lemure is almost dead.
You closely miss the lemure. You hit Pikel. You miss the lemure.
The lemure hits you but does no damage. Pikel hits you but does no damage.
The lemure barely misses you. x2; The lemure hits you but does no damage.
The lemure barely misses you. The lemure hits you but does no damage.
Pikel hits you with a +2 whip of flaming.
Pikel burns you.
You hit the lemure. Your kick misses the lemure.
The lemure is almost dead.
You closely miss Pikel. You hit the lemure but do no damage.
You barely miss the lemure.
Pikel hits you with a +2 whip of flaming.
Pikel burns you.
You die...

..##.#...###...# #..#####.#
..#............# #..#####.#
.........####..# #.....#..#
........# ##.# #.........
......#.## #.# #.........
.........# #.####+####.#.......
.........#####...........#......#
..........##......#..........(.##
.....<)5..#....5@.# ...#.......##
..............s55K#..5......##...
.##..........?..5...5....... #.<.
#...............................
.................................
...#............##.#........##...
...............## .#........ #...
..............## .# ...#.. ##..
...... .# .##. ##.


You could see Pikel, 3 lemures, a scorpion and a shadow imp.

Vanquished Creatures
  An ice beast (D:5)
  An ogre (D:5)
  A phantom (D:4)
  A lemure (D:5)
  A kobold brigand (D:5)
  A scorpion (D:4)
  A jelly (D:4)
  A hound (D:4)
  3 orc priests (D:4)
  2 iguanas (D:4)
  Terence (D:2)
  6 adders
  5 worms
  A dart slug (D:3)
  14 orcs
  3 bats
  3 endoplasms
  6 giant cockroaches
  9 goblins
  6 hobgoblins
  6 jackals
  10 kobolds
  6 quokkas
  2 ball pythons (D:1)
  5 frilled lizards
  3 rats
99 creatures vanquished.

Notes
Turn   | Place    | Note
-------+----------+-------------------------------------------
     0 | D:1      | qw the Gargoyle Fighter began the quest for the Orb.
     0 | D:1      | Reached XP level 1. HP: 14/14 MP: 1/1
     0 | D:1      | 0 ||| qw: Version: 0.1-a-119-g272c26d
     0 | D:1      | 0 ||| qw: Game counter: 10626
     0 | D:1      | 0 ||| qw: Always use a shield: true
     0 | D:1      | 0 ||| qw: God list: Okawaru
     0 | D:1      | 0 ||| qw: Allow faded altars: false
     0 | D:1      | 0 ||| qw: Do Orc after D:15 true
     0 | D:1      | 0 ||| qw: Do second Lair branch before Depths: true
     0 | D:1      | 0 ||| qw: Lair rune preference: random
     0 | D:1      | 0 ||| qw: Plans: Normal, Zot, God:TSO, Crypt, Tomb, Zig,
                  | Orb
     0 | D:1      | 0 ||| PLANNING D:1-11
    43 | D:1      | Reached skill level 2 in Axes
   116 | D:1      | 116 ||| Stepping ~*~*~tactically~*~*~ (stealth).
   127 | D:1      | Reached XP level 2. HP: 16/19 MP: 2/2
   310 | D:1      | 310 ||| Stepping ~*~*~tactically~*~*~ (stealth).
   311 | D:1      | 311 ||| Stepping ~*~*~tactically~*~*~ (stealth).
   677 | D:1      | Reached skill level 3 in Axes
   816 | D:1      | 816 ||| DROPPING amulet of faith.
   817 | D:1      | 817 ||| READING scroll labelled RESHIUT YNTOA.
   818 | D:1      | 818 ||| READING 2 scrolls labelled ISUSTR IW QUCUN.
   819 | D:1      | 819 ||| READING scroll labelled QARIAWN JUDGH.
   820 | D:1      | 820 ||| DRINKING 2 red potions.
   820 | D:1      | Gained mutation: Armour fits poorly on your strangely
                  | shaped body. [potion of mutation]
   820 | D:1      | Lost mutation: Armour fits poorly on your strangely shaped
                  | body. [potion of mutation]
   820 | D:1      | Gained mutation: You are frail. (-10% HP) [potion of
                  | mutation]
   821 | D:1      | 821 ||| DRINKING potion of mutation.
   821 | D:1      | Lost mutation: You are frail. (-10% HP) [potion of
                  | mutation]
   821 | D:1      | Gained mutation: You are frail. (-10% HP) [potion of
                  | mutation]
   821 | D:1      | Gained mutation: You are weak. (Str -2) [potion of
                  | mutation]
   821 | D:1      | Gained mutation: You have large cloven feet. [potion of
                  | mutation]
   821 | D:1      | Gained mutation: You have a pair of small antennae on your
                  | head. [potion of mutation]
   822 | D:1      | 822 ||| DRINKING 2 amethyst potions.
   823 | D:1      | 823 ||| DRINKING 2 bubbling inky potions.
   824 | D:1      | 824 ||| DRINKING 2 glowing purple potions.
   825 | D:1      | 825 ||| DROPPING potion of flight.
   881 | D:2      | Reached XP level 3. HP: 20/20 MP: 3/3
   941 | D:2      | Identified the +0 ring mail of a volcano {MP+9 Dex+2}
  1027 | D:2      | Found Lylosu's Book Shoppe.
  1053 | D:2      | 1053 ||| DRINKING potion of mutation.
  1053 | D:2      | Lost mutation: You have a pair of small antennae on your
                  | head. [potion of mutation]
  1053 | D:2      | Lost mutation: You are weak. (Str -2) [potion of mutation]
  1053 | D:2      | Gained mutation: You occasionally lose the ability to read
                  | scrolls when taking damage. [potion of mutation]
  1216 | D:2      | Noticed Terence
  1226 | D:2      | Killed Terence
  1227 | D:2      | Reached skill level 4 in Axes
  1227 | D:2      | Reached XP level 4. HP: 10/25 MP: 4/4
  1438 | D:2      | 1438 ||| UPGRADING to +0 chain mail.
  1448 | D:2      | 1448 ||| DROPPING +0 scale mail.
  1449 | D:2      | 1449 ||| DROPPING +0 ring mail of a volcano {MP+9 Dex+2}.
  1450 | D:2      | 1450 ||| DROPPING ring of wizardry.
  1451 | D:2      | 1451 ||| READING scroll labelled AGABBI OMETU.
  1513 | D:2      | 1513 ||| READING scroll labelled BUXTEIWKAT.
  1514 | D:2      | 1514 ||| READING 3 scrolls of identify.
  1514 | D:2      | 1514 ||| IDENTIFYING clear potion
  1515 | D:2      | 1515 ||| READING 2 scrolls of identify.
  1515 | D:2      | 1515 ||| IDENTIFYING black potion
  1516 | D:2      | 1516 ||| DROPPING potion of invisibility.
  1517 | D:2      | 1517 ||| DROPPING potion of degeneration.
  1522 | D:3      | 1522 ||| PLANNING SEWER
  1523 | D:3      | 1523 ||| Stepping ~*~*~tactically~*~*~ (stealth).
  1529 | D:3      | 1529 ||| Stepping ~*~*~tactically~*~*~ (stealth).
  1599 | D:3      | 1599 ||| Stepping ~*~*~tactically~*~*~ (stealth).
  1714 | D:3      | 1714 ||| DROPPING +0 whip.
  1827 | D:3      | Reached XP level 5. HP: 25/28 MP: 5/5
  2121 | D:3      | 2121 ||| RIP SEWER
  2204 | D:3      | 2204 ||| PLANNING D:1-11
  2207 | D:3      | 2207 ||| Stepping ~*~*~tactically~*~*~ (stealth).
  2240 | D:3      | 2240 ||| UPGRADING to +0 plate armour.
  2250 | D:3      | 2250 ||| DROPPING +0 chain mail.
  2251 | D:3      | 2251 ||| READING scroll labelled LOVOWA IDOUSK.
  2255 | D:3      | 2255 ||| READING scroll labelled PUOSIM ATAXT.
  2256 | D:3      | 2256 ||| READING scroll labelled KOIDOKEYSIO.
  2257 | D:3      | 2257 ||| READING 2 scrolls of identify.
  2257 | D:3      | 2257 ||| IDENTIFYING fizzy ruby potion
  2285 | D:4      | 2285 ||| STAIRDANCE
  2290 | D:3      | Reached skill level 5 in Axes
  2307 | D:4      | 2307 ||| Stepping ~*~*~tactically~*~*~ (stealth).
  2308 | D:4      | 2308 ||| Stepping ~*~*~tactically~*~*~ (stealth).
  2318 | D:4      | Reached skill level 1 in Throwing
  2427 | D:4      | Reached XP level 6. HP: 15/34 MP: 6/6
  2707 | D:4      | 2707 ||| Stepping ~*~*~tactically~*~*~ (stealth).
  2785 | D:4      | Found a white marble altar of Elyvilon.
  2847 | D:4      | 2847 ||| FLEEEEING.
  3213 | D:4      | 3213 ||| Stepping ~*~*~tactically~*~*~ (stealth).
  3466 | D:4      | 3466 ||| Stepping ~*~*~tactically~*~*~ (stealth).
  3477 | D:4      | Reached skill level 6 in Axes
  3477 | D:4      | Reached XP level 7. HP: 14/38 MP: 7/7
  3677 | D:4      | 3677 ||| DROPPING +1 flail of venom.
  4008 | D:4      | 4008 ||| UPGRADING to +1 cloak.
  4013 | D:4      | 4013 ||| READING scroll labelled ULAFAZ NINAKISM.
  4114 | D:4      | 4114 ||| READING scroll labelled LUDDUM EFADA.
  4115 | D:4      | 4115 ||| DRINKING 2 fuming silvery potions.
  4219 | D:4      | 4219 ||| DROPPING potion of berserk rage.
  4247 | D:5      | Entered Level 5 of the Dungeon
  4250 | D:5      | 4250 ||| STAIRDANCE
  4266 | D:5      | 4266 ||| STAIRDANCE
  4422 | D:5      | Noticed Pikel
  4431 | D:5      | HP: 9/38 [Pikel/+2 whip of flaming (1)]
  4432 | D:5      | 4432 ||| Stepping ~*~*~tactically~*~*~ (stealth).
  4433 | D:5      | 4433 ||| READING scroll of teleportation.
  4434 | D:5      | 4434 ||| DRINKING potion of heal wounds.
  4442 | D:5      | 4442 ||| FLEEEEING.
  4452 | D:5      | 4452 ||| STAIRDANCE
  4706 | D:5      | Reached skill level 7 in Axes
  4738 | D:5      | 4738 ||| Stepping ~*~*~tactically~*~*~ (hiding).
  4740 | D:5      | 4740 ||| Stepping ~*~*~tactically~*~*~ (hiding).
  4749 | D:5      | HP: 9/38 [lemure[Pikel] (1)]
  4751 | D:5      | HP: 2/38 [Pikel/+2 whip of flaming (5)]
  4751 | D:5      | Slain by Pikel

Levels and vault maps discovered:
D:1:      onia_arrival_pyramid, layout_rooms, chequers_serial_rivers_micro_b,
          corexii_item_surrounded_by_moat, roderic_lattice_a
D:2:      layout_rooms, serial_shops, shop_statue, grunt_ministairs_2,
          uniq_terence
D:3:      layout_rooms, portal_sewer_entry_b, minmay_misc_feat_alley
D:4:      layout_layer_cave, mainiacjoe_overflow_small_starburst,
          nrook_mini_backslash, minmay_box_of_dots
D:5:      layout_cave_pools, minmay_temple_entry_stoned_glass,
          kennysheep_generic_room_10, uniq_pikel, uniq_edmund

Skill      XL: |  1  2  3  4  5  6  7 |
---------------+----------------------+-----
Axes           | 2 3 4 5 6 7 |  7.0
Throwing       | 1 |  1.1
Fighting       | 4 |  4.2
Armour         | 4 |  4.3
Shields        | |  3.2

Action                   |  1- 3 |  4- 6 |  7- 9 || total
-------------------------+-------+-------+-------++-------
Melee: War axe           |    97 |   142 |    51 ||   290
       Kick              |     8 |    25 |    13 ||    46
Throw: Boomerang         |       |    27 |    15 ||    42
  Use: Potion            |     6 |       |     2 ||     8
       Scroll            |     3 |     8 |     3 ||    14
Armor: Scale mail        |    54 |     1 |       ||    55
       Chain mail        |       |    63 |       ||    63
       Plate armour      |       |    32 |    43 ||    75
Dodge: Dodged            |    50 |    44 |    23 ||   117
Block: Buckler           |    24 |    27 |    15 ||    66

Table legend:
 A = Non-vault XP
 B = Vault XP
 C = Vault XP percentage of total XP
 D = Non-vault monster count
 E = Vault monster count
 F = Vault count percentage of total count
                 A         B        C        D         E       F
            +---------+---------+-------+---------+---------+-------
      Total |    1031 |      73 |   6.6 |      84 |      14 |  14.3
            +---------+---------+-------+---------+---------+-------
        D:1 |      30 |       0 |   0.0 |      20 |       0 |   0.0
        D:2 |      40 |      39 |  49.4 |      14 |       3 |  17.6
        D:3 |      99 |      24 |  19.5 |      22 |       6 |  21.4
        D:4 |     504 |      10 |   1.9 |      22 |       5 |  18.5
        D:5 |     358 |       0 |   0.0 |       6 |       0 |   0.0
            +---------+---------+-------+---------+---------+-------
